 Dungeon Crawl Stone Soup version 0.27-a0-40-g5f2be0e231 (webtiles) character file.

Game seed: 9167117925484230158

4190 Conn the Magician (level 10, -6/60 HPs)
             Began as an Octopode Fire Elementalist on Jan 5, 2021.
             Was an Elder of Sif Muna.
             Mangled by a shadow (35 damage)
             ... on level 8 of the Dungeon.
             The game lasted 00:35:37 (10838 turns).

Conn the Magician (Octopode Fire Elementalist)     Turns: 10838, Time: 00:35:38

Health: -6/60      AC:  1    Str:  7    XL:     10   Next: 29%
Magic:  21/21      EV: 15    Int: 26    God:    Sif Muna [****..]
Gold:   479        SH:  0    Dex: 14    Spells: 8/24 levels left

rFire    . . .     SeeInvis .   q - +1 dagger (protect)
rCold    . . .     Faith    .   (no shield)
rNeg     . . .     Spirit   .   (helmet restricted)
rPois    .         Reflect  .   g - amulet of magic regeneration
rElec    .         Harm     .   d - ring of resist corrosion
rCorr    +         Rampage  .   t - ring of stealth
Will     .....                  y - +6 ring of intelligence
Stlth    +++++.....             (no ring)
HPRegen  0.20/turn              (no ring)
MPRegen  0.42/turn              (no ring)
                                (no ring)
                                (no ring)

@: no status effects
A: almost no armour, stealthy swim, amphibious, 8 rings, constrict 8, camouflage
1, gelatinous body 1
a: Renounce Religion, Channel Magic, Forget Spell, Divine Exegesis


You were on level 8 of the Dungeon.
You worshipped Sif Muna.
Sif Muna was greatly pleased with you.
You visited 1 branch of the dungeon, and saw 8 of its levels.
You also visited: Ossuary.

You collected 539 gold pieces.
You spent 60 gold pieces at shops.

Inventory:

Hand Weapons
 k - a +5 club
 n - a +3 quarterstaff of chaos
 q - a +1 dagger of protection (weapon)
Armour
 v - a +0 buckler
Magical Staves
 i - an uncursed staff of earth
 p - an uncursed staff of air
Jewellery
 d - a ring of resist corrosion (left tentacle)
 g - an amulet of magic regeneration (around mantle)
 t - a ring of stealth (right tentacle)
 y - a +6 ring of intelligence (on tentacle)
 K - an uncursed amulet of the acrobat {unknown}
Wands
 s - a wand of disintegration (22)
 I - a wand of acid (8)
 J - a wand of flame (20)
Scrolls
 a - 6 scrolls of remove curse
 c - 3 scrolls of fog
 f - a scroll of magic mapping
 h - 10 scrolls of identify
 l - 2 scrolls of amnesia
 o - 2 scrolls of teleportation {unknown}
 u - 6 scrolls of immolation {unknown}
 x - 2 scrolls of enchant weapon
 z - a scroll of enchant armour {unknown}
 D - a scroll of blinking {unknown}
 E - a scroll of vulnerability {unknown}
 G - a scroll of summoning {unknown}
Potions
 b - 3 potions of brilliance
 j - 3 potions of flight {unknown}
 r - 4 potions of curing
 A - 2 potions of invisibility {unknown}
 B - 3 potions of lignification {unknown}
 C - 2 potions of haste {unknown}
 F - a potion of degeneration {unknown}
 H - 2 potions of mutation {unknown}
 L - a potion of berserk rage {unknown}
Miscellaneous
 w - a phial of floods (inert)


   Skills:
 + Level 2.1 Fighting
 + Level 3.0 Short Blades
 + Level 4.0 Dodging
 + Level 6.1 Stealth
 * Level 7.9 Spellcasting
 * Level 7.1 Conjurations
 * Level 7.4 Fire Magic
 + Level 1.0 Evocations


You had 8 spell levels left.
You knew the following spells:

 Your Spells              Type           Power        Failure   Level
a - Foxfire               Conj/Fire      100%         1%          1
b - Conjure Flame         Conj/Fire      48%          1%          3
c - Inner Flame           Hex/Fire       29%          3%          3
d - Sticky Flame          Conj/Fire      48%          2%          4
e - Fireball              Conj/Fire      24%          8%          5

Your spell library contained the following spells:

 Spells                   Type           Power        Failure   Level
 Dazzling Flash           Conj/Hex       58%          3%          3
 Animate Skeleton         Necr           20%          6%          1
 Corona                   Hex            11%          6%          1
 Pain                     Necr           40%          6%          1
 Ensorcelled Hibernation  Hex/Ice        20%          9%          2
 Confusing Touch          Hex            10%          17%         3
 Tukima's Dance           Hex            10%          17%         3
 Vampiric Draining        Necr           5%           17%         3
 Animate Dead             Necr           5%           50%         4
 Agony                    Necr           10%          85%         5


Dungeon Overview and Level Annotations

Branches:
Dungeon (8/15)             Temple (0/1) D:5         Ossuary (visited)
   Lair: D:8-11

Altars:
Cheibriados
Gozag
Sif Muna
Uskayaw

Shops:
D:5 !

Annotations:
D:4 2 runed translucent doors


Innate Abilities, Weirdness & Mutations

You cannot wear most types of armour.
You are very stealthy in the water. (Stealth+)
You are amphibious.
You can wear up to eight rings at the same time.
You can use your tentacles to constrict eight enemies at once.
Your skin changes colour to match your surroundings (Stealth+).
Your rubbery body absorbs attacks. (AC +1, EV +1)


Message History

Unknown command.
There is an open door here.
The shadow slips into darkness.
The shadow flickers and vanishes!
Deactivating autopickup; reactivate with Ctrl-A.
There is an open door here.
You close the door.
Something unseen opens the door.
You feel much better.
The shadow strikes at you from the darkness!
Reactivating autopickup.
Okay, then.
You feel better.
The shadow slips into darkness.
The shadow flickers and vanishes!
Deactivating autopickup; reactivate with Ctrl-A.
As you read the scroll labelled LADENL FAIJAU, it crumbles to dust.
The scroll dissolves into smoke.
It was a scroll of fog.
The shadow strikes at you from the darkness!
Ouch! That really hurt!
You die...

,,**,***######.....#....#.# #.#.
****,*###...............#.####.#.
****,*#.###...##........#....#.#.
,,,,,##...###..#........#......#.
****,#......#...#.....#.#........
*##..#..###..........####.###.
**#......'.###....###.####.# #.
*,#'#...##...#§§§..##).....###.
*#...###.#...##@§...##.####.....
#.....,#####.'{§§...##.# #>....
*#..#...,,*,###..§...##.# #.....
#...###..**,,,###....##.# #.....
#..#**,..#,,,,,,###..##.####.....
...,,*,.##,,*,,,,,###......(.##..
##.,,,,,#,,,*+*,,,,,#.#.###.###..
***,,,**,,**,***,,*#.#.# #.# #..
***,+,,,*,,,*,,,*#.#.###.# #..


There were no monsters in sight!

Vanquished Creatures
  A boulder beetle (D:8)
  A troll (D:8)
  Duvessa (D:7)
  3 ice beasts
  A black bear (D:4)
  2 orc warriors (D:6)
  2 sky beasts
  A phantom (D:7)
  3 ogres
  A centaur (D:6)
  3 big kobolds
  2 bullfrogs (D:8)
  Dowan (D:7)
  A water moccasin zombie (D:7)
  3 killer bees (D:7)
  3 scorpions
  2 howler monkeys
  8 orc priests
  A bullfrog skeleton (D:7)
  A hound (D:5)
  A jelly (D:5)
  Crazy Yiuf (D:2)
  2 centaur skeletons
  6 orc wizards
  6 worker ants
  13 mummies (Ossuary)
  A hound skeleton (D:8)
  Robin (D:2)
  A worker ant zombie (D:7)
  7 adders
  7 gnolls
  A shadow imp (D:8)
  2 white imps (D:6)
  An ufetubus (D:4)
  An ooze (D:2)
  An adder skeleton (D:5)
  4 worms
  2 dart slugs (D:1)
  6 leopard geckos
  25 orcs
  3 ball pythons
  6 giant cockroaches
  16 goblins
  8 hobgoblins
  4 jackals (D:5)
  18 kobolds
  A quokka (D:2)
  8 bats
  3 frilled lizards
  4 gnoll skeletons (Ossuary)
  A goblin skeleton (Ossuary)
  A jackal skeleton (D:4)
  3 kobold skeletons (Ossuary)
  2 leopard gecko skeletons
  A leopard gecko zombie (D:4)
  8 rats
  11 rat skeletons (Ossuary)
228 creatures vanquished.

Vanquished Creatures (others)
  563 foxfires
  7 fungi (D:6)
  A plant (D:4)
571 creatures vanquished.

Grand Total: 799 creatures vanquished

Notes
Turn   | Place    | Note
-------+----------+-------------------------------------------
     0 | D:1      | Conn the Octopode Fire Elementalist began the quest for the
                  | Orb.
     0 | D:1      | Reached XP level 1. HP: 11/11 MP: 3/3
   154 | D:1      | Reached XP level 2. HP: 17/17 MP: 0/5
   864 | D:1      | Reached XP level 3. HP: 21/21 MP: 4/6
  1232 | D:2      | Noticed Robin
  1522 | D:1      | Learned a level 3 spell: Conjure Flame
  1607 | D:2      | Killed Robin
  1760 | D:2      | Reached XP level 4. HP: 27/27 MP: 6/8
  1960 | D:2      | Found a runed translucent door.
  1961 | D:2      | Noticed Crazy Yiuf
  2233 | D:2      | Killed Crazy Yiuf
  2234 | D:2      | Reached XP level 5. HP: 31/31 MP: 5/9
  2622 | D:3      | Learned a level 3 spell: Inner Flame
  3432 | D:3      | Found a shimmering blue altar of Sif Muna.
  3436 | D:3      | Became a worshipper of Sif Muna the Loreminder
  3642 | D:3      | Reached XP level 6. HP: 29/36 MP: 11/11
  3649 | D:3      | Identified Sif Muna's Incunabulum of the Arsonist
  4093 | D:4      | Found a large runed translucent door.
  4093 | D:4      | Found a large runed translucent door.
  4103 | D:4      | Found a large runed translucent door.
  4103 | D:4      | Found a large runed translucent door.
  4111 | D:4      | Noticed a black bear
  4113 | D:4      | Reached XP level 7. HP: 32/41 MP: 13/13
  4190 | D:4      | Learned a level 4 spell: Sticky Flame
  5029 | D:5      | Entered Level 5 of the Dungeon
  5033 | D:5      | Found Fiskupog's Distillery.
  5042 | D:5      | Bought a potion of heal wounds for 60 gold pieces
  5081 | D:5      | Reached skill level 5 in Fire Magic
  5106 | D:5      | Reached * piety under Sif Muna
  5493 | D:5      | Found a hide-covered altar of Uskayaw.
  5650 | D:5      | Found a staircase to the Ecumenical Temple.
  5807 | D:6      | Reached skill level 5 in Spellcasting
  5837 | D:6      | Reached skill level 1 in Fighting
  5837 | D:6      | Reached XP level 8. HP: 37/48 MP: 11/15
  5907 | D:6      | Reached skill level 1 in Short Blades
  6056 | D:6      | Found an opulent altar of Gozag.
  6238 | D:6      | Found a sand-covered staircase.
  6246 | Ossuary  | Entered an ossuary
  6262 | Ossuary  | Learned a level 5 spell: Fireball
  6485 | Ossuary  | Reached ** piety under Sif Muna
  7353 | D:6      | You fall into a shaft and drop 1 floor!
  7555 | D:6      | Reached skill level 5 in Conjurations
  8060 | D:7      | Reached skill level 5 in Stealth
  8096 | D:7      | Reached XP level 9. HP: 34/54 MP: 14/17
  8387 | D:7      | Reached *** piety under Sif Muna
  8624 | D:7      | Noticed Duvessa
  8642 | D:7      | Killed Duvessa
  8656 | D:7      | Noticed Dowan
  8660 | D:7      | Killed Dowan
  9103 | D:7      | Found a snail-covered altar of Cheibriados.
  9548 | D:8      | Noticed a boulder beetle
 10103 | D:8      | Reached **** piety under Sif Muna
 10324 | D:8      | Noticed a troll
 10343 | D:8      | Killed a troll
 10344 | D:8      | Reached XP level 10. HP: 34/60 MP: 18/21
 10527 | D:8      | HP: 2/60 [boulder beetle (29)]
 10531 | D:8      | Killed a boulder beetle
 10532 | D:8      | Reached skill level 1 in Evocations
 10838 | D:8      | Mangled by a shadow

Illustrated notes

Levels and vault maps discovered:
D:1:      tarquinn_simple_flora_water_f, layout_basic
D:2:      layout_basic, uniq_crazy_yiuf_cottage, uniq_robin
D:3:      layout_loops_ring, led_sif_book
D:4:      layout_cave_pools, serial_bayou_lagoon_a,
          minmay_hollow_rounded_squares
D:5:      layout_rooms, lemuel_crystal_altar, minmay_temple_entry_fiery,
          serial_shops, shop
D:6:      layout_loops_corners, lemuel_coloured_pillars_altar, enter_ossuary_3,
          serial_aquarium, aquarium_bridge_square [aquarium_subvault_bridge,
          aquarium_subvault_window, aquarium_subvault_bridge,
          aquarium_subvault_bridge], aquarium_window_fake, aquarium_window_1,
          aquarium_view_2c, minivault_5
D:7:      layout_basic, cheibrodos_worm_habitat, uniq_duvessa
D:8:      minmay_slanted_spiral_squares, layout_basic

Skill      XL: |  1  2  3  4  5  6  7  8  9 10 |
---------------+-------------------------------+-----
Fire Magic     | 4 5 6 7 |  7.4
Spellcasting   | 3 4 5 7 |  7.9
Stealth        | 3 5 6 |  6.1
Conjurations   | 2 3 4 5 6 7 |  7.1
Dodging        | 3 4 |  4.0
Fighting       | 1 2 |  2.1
Short Blades   | 2 3 |  3.0
Evocations     | 1 |  1.0

Action                   |  1- 3 |  4- 6 |  7- 9 | 10-12 || total
-------------------------+-------+-------+-------+-------++-------
Melee: Unarmed           |    15 |       |       |       ||    15
       Tentacles         |     2 |     7 |    37 |     5 ||    51
       Constrict         |     4 |     8 |    53 |       ||    65
       Club              |       |     2 |       |       ||     2
       Dagger            |       |    34 |   207 |    17 ||   258
       Quarterstaff      |       |     9 |       |       ||     9
 Cast: Foxfire           |    51 |    73 |   192 |       ||   316
       Conjure Flame     |       |     2 |    10 |       ||    12
       Sticky Flame      |       |       |    12 |     5 ||    17
       Fireball          |       |       |       |     3 ||     3
Evoke: Wand              |       |     2 |     5 |     3 ||    10
       Phial of floods   |       |       |     1 |     1 ||     2
  Use: Potion            |       |     2 |     2 |     5 ||     9
       Scroll            |       |     6 |     1 |     1 ||     8
 Stab: Sleeping          |       |     4 |    18 |       ||    22
Armor: Skin              |     3 |     8 |    40 |     4 ||    55
Dodge: Dodged            |    21 |    36 |   186 |    10 ||   253

Table legend: (Time is in decaauts)
 A = Elapsed time spent in this place.
 B = Non-inter-level travel time spent in this place.
 C = Inter-level travel time spent in this place.
 D = Time resting spent in this place.
 E = Time spent auto-exploring this place.
 F = Levels seen in this place.
 G = Mean time per level.
                   A        B        C        D        E       F      G
               +--------+--------+--------+--------+--------+-----+--------+
         Total |  10824 |  10611 |    213 |   2374 |   4858 |   9 | 1202.7 |
       Dungeon |  10173 |   9960 |    213 |   2270 |   4607 |   8 | 1271.6 |
       Ossuary |    651 |    651 |      0 |    104 |    251 |   1 |  651.0 |
               +--------+--------+--------+--------+--------+-----+--------+

Top non-repeatable levels by time:
     D:1: 1702 daAuts
     D:6: 1653 daAuts
     D:3: 1506 daAuts
     D:7: 1492 daAuts
     D:8: 1303 daAuts
     D:2: 917 daAuts
     D:4: 907 daAuts
     D:5: 691 daAuts
 Ossuary: 651 daAuts
